[ AOE2 MATCH · #477799202 ]
UnrankedBulgarians vs Poles
[ REPLAY ANALYSIS · EXTRACTED FROM THE RECORDED GAME ]
Feudal
10:25
Castle
23:39
Imperial
40:27
| APM avg | 18.2 |
| APM peak | 62 |
| eAPM avg | 13.1 |
| Villagers / military | 138 / 295 |
Focus
⚔️ 51.2% · 🌾 48.8%
Spearman ×123 · Skirmisher ×73 · Konnik ×72 · Militia ×17 · Archer ×5 · Trebuchet (Packed) ×5
Feudal
10:43
Castle
19:07
Imperial
36:18
| APM avg | 29.4 |
| APM peak | 62 |
| eAPM avg | 20.0 |
| Villagers / military | 136 / 520 |
Focus
⚔️ 54.0% · 🌾 46.0%
Scout Cavalry ×309 · Knight ×197 · Skirmisher ×6 · Trebuchet (Packed) ×5 · Magyar Huszar ×3
Feudal
11:30
Castle
20:13
Imperial
34:12
| APM avg | 22.3 |
| APM peak | 60 |
| eAPM avg | 13.1 |
| Villagers / military | 137 / 658 |
Focus
⚔️ 42.3% · 🌾 57.7%
Scout Cavalry ×278 · Obuch ×207 · Spearman ×141 · Battering Ram ×19 · Knight ×8 · Petard ×5
Feudal
12:17
Castle
24:37
Imperial
51:57
| APM avg | 34.0 |
| APM peak | 93 |
| eAPM avg | 16.0 |
| Villagers / military | 145 / 291 |
Focus
⚔️ 47.3% · 🌾 52.7%
Skirmisher ×100 · Archer ×69 · Scout Cavalry ×69 · Camel Scout ×49 · Militia ×4
Feudal
12:19
Castle
23:40
Imperial
48:35
| APM avg | 32.6 |
| APM peak | 75 |
| eAPM avg | 15.8 |
| Villagers / military | 116 / 272 |
Focus
⚔️ 40.2% · 🌾 59.8%
Archer ×229 · Trade Cart ×18 · Skirmisher ×16 · Shotel Warrior ×12 · Knight ×11 · Scout Cavalry ×3
Feudal
11:15
Castle
23:24
Imperial
34:40
| APM avg | 27.7 |
| APM peak | 55 |
| eAPM avg | 20.2 |
| Villagers / military | 183 / 399 |
Focus
⚔️ 42.8% · 🌾 57.2%
Spearman ×200 · Camel Scout ×72 · Cataphract ×34 · Scout Cavalry ×15 · Cavalry Archer ×15 · Archer ×13
Match map
Initial resources + every placement click. Lines = walls · curves = elevation contours. ◆ gold · ⬟ stone · ● berries · ✦ relic · ◌ wall gap
Your base· Open — unwalled flank
stahl_mannen's base· Open — unwalled flank
Makonian's base· Open — unwalled flank
RichardGere69's base· ✓ Closed at 24:37 · 36t walls · 1 gate(s)
PangIBygget's base· ✓ Closed at 23:40 · 15t walls · 1 gate(s)
professor's base· ✓ Closed at 23:24 · 10t walls · 3 gate(s)
Smoothed initial terrain · ◌ = detected wall gap · hover for details
Inputs per minute
— exopeN - - stahl_mannen
Build order — exopeN
First 150 of 632 actions detected
| 0:01 | Create | Villager (Male) |
| 0:01 | Create | Villager (Male) |
| 0:02 | Create | Villager (Male) |
| 0:02 | Create | Villager (Male) |
| 0:06 | Build | House |
| 0:07 | Build | House |
| 1:35 | Create | Villager (Male) |
| 1:35 | Create | Villager (Male) |
| 1:48 | Build | Lumber Camp |
| 2:09 | Create | Villager (Male) |
| 2:09 | Create | Villager (Male) |
| 2:41 | Create | Villager (Male) |
| 2:41 | Create | Villager (Male) |
| 2:51 | Create | Villager (Male) |
| 2:51 | Create | Villager (Male) |
| 3:10 | Build | House |
| 3:24 | Create | Villager (Male) |
| 3:24 | Create | Villager (Male) |
| 3:38 | Create | Villager (Male) |
| 3:38 | Create | Villager (Male) |
| 3:59 | Build | Mill |
| 4:24 | Create | Villager (Male) |
| 4:25 | Create | Villager (Male) |
| 4:25 | Create | Villager (Male) |
| 4:46 | Create | Villager (Male) |
| 4:58 | Build | House |
| 5:19 | Create | Villager (Male) |
| 5:46 | Research | Loom |
| 6:01 | Create | Villager (Male) |
| 6:30 | Create | Villager (Male) |
| 6:50 | Create | Villager (Male) |
| 6:50 | Create | Villager (Male) |
| 7:17 | Create | Villager (Male) |
| 8:15 | Research | Feudal Age |
| 8:31 | Build | Barracks |
| 8:41 | Build | Mining Camp |
| 8:52 | Build | House |
| 8:53 | Build | House |
| 8:54 | Build | House |
| 9:04 | Create | Villager (Male) |
| 9:04 | Create | Villager (Male) |
| 9:04 | Create | Villager (Male) |
| 9:28 | Create | Militia |
| 9:29 | Create | Militia |
| 9:29 | Create | Militia |
| 10:24 | Create | Militia |
| 10:25 | Create | Militia |
| 10:25 | Age | Feudal Age |
| 11:01 | Create | Militia |
| 11:01 | Create | Militia |
| 11:01 | Create | Militia |
| 12:02 | Research | Arson |
| 12:05 | Create | Militia |
| 12:06 | Create | Militia |
| 13:02 | Create | Villager (Male) |
| 13:02 | Create | Villager (Male) |
| 13:02 | Create | Villager (Male) |
| 13:14 | Build | Blacksmith |
| 13:17 | Build | Market |
| 14:28 | Build | Farm |
| 14:28 | Build | Farm |
| 14:29 | Build | Farm |
| 14:29 | Build | Farm |
| 14:29 | Build | Farm |
| 14:30 | Build | Farm |
| 14:30 | Build | Farm |
| 14:30 | Build | Farm |
| 14:30 | Build | Farm |
| 14:31 | Build | Farm |
| 15:03 | Create | Villager (Male) |
| 15:04 | Create | Villager (Male) |
| 15:04 | Create | Villager (Male) |
| 15:04 | Create | Villager (Male) |
| 15:59 | Build | Farm |
| 15:59 | Build | Farm |
| 16:00 | Build | Farm |
| 16:01 | Build | Farm |
| 16:04 | Research | Horse Collar |
| 16:51 | Build | Barracks |
| 17:35 | Create | Villager (Male) |
| 17:36 | Create | Villager (Male) |
| 17:50 | Build | Farm |
| 17:51 | Build | Farm |
| 17:52 | Build | Farm |
| 17:53 | Build | Farm |
| 17:53 | Build | Farm |
| 17:54 | Build | Farm |
| 17:56 | Build | Farm |
| 18:53 | Build | Archery Range |
| 18:59 | Create | Militia |
| 19:00 | Create | Militia |
| 19:00 | Create | Militia |
| 19:00 | Create | Militia |
| 19:01 | Create | Militia |
| 19:01 | Create | Militia |
| 19:01 | Create | Militia |
| 19:39 | Research | Forging |
| 19:49 | Create | Archer |
| 19:50 | Create | Archer |
| 19:50 | Create | Archer |
| 19:51 | Create | Archer |
| 19:51 | Create | Archer |
| 20:09 | Build | Mining Camp |
| 20:48 | Create | Villager (Male) |
| 20:49 | Create | Villager (Male) |
| 20:49 | Create | Villager (Male) |
| 20:59 | Research | Castle Age |
| 21:38 | Research | Double-Bit Axe |
| 21:45 | Research | Scale Mail Armor |
| 21:50 | Create | Villager (Male) |
| 21:51 | Create | Villager (Male) |
| 21:51 | Create | Villager (Male) |
| 21:51 | Create | Villager (Male) |
| 23:39 | Age | Castle Age |
| 24:16 | Build | Town Center |
| 24:27 | Build | Town Center |
| 24:31 | Create | Villager (Male) |
| 24:31 | Create | Villager (Male) |
| 24:32 | Create | Villager (Male) |
| 24:32 | Create | Villager (Male) |
| 24:32 | Create | Villager (Male) |
| 24:32 | Create | Villager (Male) |
| 25:49 | Create | Villager (Male) |
| 25:49 | Create | Villager (Male) |
| 25:50 | Create | Villager (Male) |
| 25:50 | Create | Villager (Male) |
| 25:50 | Create | Villager (Male) |
| 26:01 | Build | Archery Range |
| 26:06 | Research | Fletching |
| 26:10 | Create | Villager (Male) |
| 26:11 | Create | Villager (Male) |
| 26:11 | Create | Villager (Male) |
| 26:11 | Create | Villager (Male) |
| 26:11 | Create | Villager (Male) |
| 27:03 | Create | Villager (Male) |
| 27:04 | Create | Villager (Male) |
| 27:15 | Build | House |
| 27:16 | Build | House |
| 27:17 | Build | House |
| 27:19 | Build | House |
| 27:31 | Create | Villager (Male) |
| 27:33 | Create | Villager (Male) |
| 27:33 | Create | Villager (Male) |
| 27:34 | Create | Villager (Male) |
| 27:41 | Build | Mining Camp |
| 28:06 | Research | Stone Mining |
| 28:14 | Create | Skirmisher |
| 28:14 | Create | Skirmisher |
| 28:15 | Create | Skirmisher |
| 28:26 | Build | Farm |
Build order — stahl_mannen
First 150 of 903 actions detected
| 0:01 | Create | Villager (Male) |
| 0:01 | Create | Villager (Male) |
| 0:02 | Create | Villager (Male) |
| 0:02 | Create | Villager (Male) |
| 0:02 | Create | Villager (Male) |
| 0:07 | Build | House |
| 0:08 | Build | House |
| 1:30 | Create | Villager (Male) |
| 1:30 | Create | Villager (Male) |
| 1:30 | Create | Villager (Male) |
| 1:30 | Create | Villager (Male) |
| 2:02 | Build | Lumber Camp |
| 2:07 | Create | Villager (Male) |
| 2:07 | Create | Villager (Male) |
| 2:07 | Create | Villager (Male) |
| 2:26 | Create | Villager (Male) |
| 2:26 | Create | Villager (Male) |
| 2:26 | Create | Villager (Male) |
| 2:52 | Create | Villager (Male) |
| 2:53 | Create | Villager (Male) |
| 2:53 | Create | Villager (Male) |
| 3:10 | Build | House |
| 3:19 | Create | Villager (Male) |
| 3:20 | Create | Villager (Male) |
| 3:20 | Create | Villager (Male) |
| 3:46 | Create | Villager (Male) |
| 3:46 | Create | Villager (Male) |
| 3:46 | Create | Villager (Male) |
| 4:06 | Create | Villager (Male) |
| 4:06 | Create | Villager (Male) |
| 4:06 | Create | Villager (Male) |
| 4:06 | Create | Villager (Male) |
| 4:26 | Build | Mill |
| 4:34 | Create | Villager (Male) |
| 4:34 | Create | Villager (Male) |
| 4:35 | Create | Villager (Male) |
| 4:35 | Create | Villager (Male) |
| 4:58 | Create | Villager (Male) |
| 4:58 | Create | Villager (Male) |
| 4:58 | Create | Villager (Male) |
| 5:14 | Build | House |
| 6:15 | Create | Villager (Male) |
| 6:15 | Create | Villager (Male) |
| 6:16 | Create | Villager (Male) |
| 6:16 | Create | Villager (Male) |
| 6:16 | Create | Villager (Male) |
| 6:23 | Build | House |
| 7:07 | Build | Barracks |
| 8:23 | Build | Mining Camp |
| 8:33 | Research | Feudal Age |
| 10:41 | Create | Villager (Male) |
| 10:43 | Age | Feudal Age |
| 10:52 | Build | Farm |
| 10:52 | Build | Farm |
| 10:52 | Build | Farm |
| 10:52 | Build | Farm |
| 10:53 | Build | Farm |
| 10:53 | Build | Farm |
| 10:54 | Build | Farm |
| 10:54 | Build | Farm |
| 10:54 | Build | Farm |
| 10:54 | Build | Farm |
| 10:54 | Build | Farm |
| 10:55 | Build | Farm |
| 10:55 | Build | Farm |
| 10:55 | Build | Farm |
| 10:56 | Build | Farm |
| 10:56 | Build | Farm |
| 10:56 | Build | Farm |
| 10:57 | Build | Farm |
| 11:06 | Create | Villager (Male) |
| 11:24 | Research | Loom |
| 11:51 | Create | Villager (Male) |
| 12:03 | Research | Double-Bit Axe |
| 12:16 | Create | Villager (Male) |
| 12:24 | Build | Farm |
| 12:28 | Research | Horse Collar |
| 12:36 | Build | Farm |
| 12:49 | Create | Villager (Male) |
| 12:56 | Build | Farm |
| 13:09 | Build | House |
| 13:13 | Create | Villager (Male) |
| 13:26 | Build | Farm |
| 13:41 | Create | Villager (Male) |
| 13:52 | Build | Farm |
| 13:56 | Build | House |
| 14:02 | Create | Villager (Male) |
| 14:16 | Build | Market |
| 14:19 | Create | Villager (Male) |
| 14:24 | Build | Farm |
| 14:34 | Build | House |
| 14:38 | Create | Villager (Male) |
| 14:42 | Build | Farm |
| 15:31 | Build | Stable |
| 15:35 | Create | Villager (Male) |
| 15:42 | Create | Villager (Male) |
| 16:27 | Research | Castle Age |
| 16:40 | Build | Stable |
| 16:42 | Research | Bloodlines |
| 17:33 | Build | Blacksmith |
| 17:46 | Create | Scout Cavalry |
| 17:46 | Create | Scout Cavalry |
| 17:48 | Create | Scout Cavalry |
| 18:18 | Build | Farm |
| 18:18 | Build | Farm |
| 18:22 | Build | Farm |
| 18:26 | Research | Scale Barding Armor |
| 18:32 | Build | House |
| 19:00 | Build | House |
| 19:07 | Age | Castle Age |
| 19:12 | Create | Knight |
| 19:12 | Create | Knight |
| 19:13 | Create | Knight |
| 19:13 | Create | Knight |
| 19:13 | Create | Knight |
| 19:14 | Create | Knight |
| 19:14 | Create | Knight |
| 19:14 | Create | Knight |
| 19:14 | Create | Knight |
| 19:26 | Create | Villager (Male) |
| 19:28 | Create | Villager (Male) |
| 19:29 | Create | Villager (Male) |
| 19:56 | Build | Town Center |
| 20:09 | Research | Light Cavalry (upgrade) |
| 20:12 | Create | Knight |
| 20:13 | Create | Knight |
| 20:13 | Create | Knight |
| 20:13 | Create | Knight |
| 20:16 | Create | Villager (Male) |
| 20:16 | Create | Villager (Male) |
| 20:16 | Create | Villager (Male) |
| 21:05 | Create | Villager (Male) |
| 21:09 | Create | Knight |
| 21:09 | Create | Knight |
| 21:09 | Create | Knight |
| 21:09 | Create | Knight |
| 21:09 | Create | Knight |
| 21:29 | Create | Villager (Male) |
| 21:29 | Create | Villager (Male) |
| 21:37 | Create | Knight |
| 21:37 | Create | Knight |
| 21:37 | Create | Knight |
| 21:37 | Create | Knight |
| 21:41 | Create | Scout Cavalry |
| 21:53 | Build | Farm |
| 21:54 | Build | Farm |
| 21:54 | Build | Farm |
| 21:55 | Build | Farm |
| 21:56 | Build | Farm |
| 21:56 | Build | Farm |
Build order — Makonian
First 150 of 496 actions detected
| 0:01 | Create | Villager (Male) |
| 0:02 | Create | Villager (Male) |
| 0:03 | Build | House |
| 0:05 | Build | House |
| 0:31 | Create | Villager (Male) |
| 0:31 | Create | Villager (Male) |
| 1:39 | Create | Villager (Male) |
| 1:39 | Create | Villager (Male) |
| 2:01 | Create | Villager (Male) |
| 2:20 | Create | Villager (Male) |
| 2:46 | Create | Villager (Male) |
| 3:00 | Create | Villager (Male) |
| 3:35 | Create | Villager (Male) |
| 3:35 | Create | Villager (Male) |
| 4:00 | Build | Mill |
| 4:02 | Create | Villager (Male) |
| 4:02 | Create | Villager (Male) |
| 4:25 | Create | Villager (Male) |
| 4:25 | Create | Villager (Male) |
| 4:53 | Create | Villager (Male) |
| 5:04 | Build | Lumber Camp |
| 5:07 | Create | Villager (Male) |
| 5:46 | Create | Villager (Male) |
| 5:46 | Create | Villager (Male) |
| 5:52 | Create | Villager (Male) |
| 6:05 | Build | House |
| 6:08 | Build | House |
| 6:10 | Build | House |
| 6:19 | Create | Villager (Male) |
| 7:12 | Create | Villager (Male) |
| 7:13 | Create | Villager (Male) |
| 7:19 | Build | Mining Camp |
| 7:56 | Build | House |
| 8:09 | Create | Villager (Male) |
| 8:09 | Create | Villager (Male) |
| 8:33 | Build | Barracks |
| 8:36 | Create | Villager (Male) |
| 9:20 | Research | Feudal Age |
| 9:20 | Research | Feudal Age |
| 9:22 | Research | Loom |
| 9:29 | Build | House |
| 9:30 | Build | House |
| 11:03 | Build | Mill |
| 11:30 | Age | Feudal Age |
| 11:32 | Create | Villager (Male) ×5 |
| 12:18 | Build | Mill |
| 12:32 | Build | Stable |
| 12:43 | Build | Blacksmith |
| 12:47 | Research | Double-Bit Axe |
| 12:50 | Create | Villager (Male) |
| 12:57 | Research | Stone Mining |
| 14:07 | Build | House |
| 14:10 | Build | House |
| 14:11 | Build | House |
| 14:12 | Build | House |
| 14:15 | Build | House |
| 14:16 | Build | House |
| 14:24 | Create | Villager (Male) |
| 14:24 | Create | Villager (Male) |
| 14:29 | Build | Farm |
| 14:30 | Build | Farm |
| 14:31 | Build | Farm |
| 14:32 | Build | Farm |
| 14:33 | Build | Farm |
| 14:44 | Build | Farm |
| 14:46 | Build | Farm |
| 14:49 | Build | Farm |
| 15:02 | Build | Farm |
| 15:03 | Build | Farm |
| 15:07 | Create | Villager (Male) |
| 15:27 | Build | Mining Camp |
| 15:35 | Create | Villager (Male) |
| 15:45 | Build | Farm |
| 16:17 | Build | House |
| 16:18 | Build | House |
| 16:20 | Build | House |
| 16:40 | Build | Palisade Wall |
| 16:43 | Create | Villager (Male) |
| 16:43 | Create | Villager (Male) |
| 17:11 | Build | Stable |
| 17:13 | Build | Stable |
| 17:21 | Research | Castle Age |
| 17:24 | Research | Gold Mining |
| 17:37 | Build | Farm |
| 19:03 | Build | Mining Camp |
| 20:13 | Age | Castle Age |
| 20:19 | Build | Castle |
| 20:31 | Build | Town Center |
| 20:35 | Create | Villager (Male) |
| 20:35 | Create | Villager (Male) |
| 20:35 | Create | Villager (Male) |
| 20:45 | Build | Town Center |
| 21:21 | Build | Town Center |
| 21:25 | Create | Villager (Male) |
| 21:25 | Create | Villager (Male) |
| 21:32 | Create | Knight |
| 21:32 | Create | Knight |
| 21:32 | Create | Knight |
| 21:33 | Create | Knight |
| 21:36 | Create | Knight |
| 21:36 | Create | Knight |
| 21:37 | Create | Knight |
| 21:37 | Create | Knight |
| 21:52 | Create | Villager (Male) |
| 21:52 | Create | Villager (Male) |
| 21:55 | Create | Villager (Male) |
| 22:32 | Build | Farm |
| 22:33 | Build | Farm |
| 22:34 | Build | Farm |
| 22:35 | Build | Farm |
| 22:36 | Build | Farm |
| 22:38 | Build | Farm |
| 22:39 | Build | Farm |
| 22:40 | Build | Farm |
| 22:42 | Create | Villager (Male) |
| 22:42 | Create | Villager (Male) |
| 22:43 | Create | Villager (Male) |
| 23:13 | Create | Villager (Male) |
| 23:13 | Create | Villager (Male) |
| 23:16 | Create | Villager (Male) |
| 23:16 | Create | Villager (Male) |
| 23:29 | Create | Villager (Male) |
| 23:39 | Create | Villager (Male) |
| 23:39 | Create | Villager (Male) |
| 24:02 | Build | Farm |
| 24:03 | Build | Farm |
| 24:07 | Create | Villager (Male) |
| 24:07 | Create | Villager (Male) |
| 24:10 | Create | Villager (Male) |
| 24:32 | Build | Mill |
| 24:36 | Build | Farm |
| 24:37 | Build | Farm |
| 24:38 | Build | Farm |
| 24:40 | Build | Farm |
| 24:41 | Build | Farm |
| 24:43 | Build | Farm |
| 24:45 | Build | Farm |
| 24:46 | Build | Farm |
| 24:48 | Build | Farm |
| 24:52 | Create | Villager (Male) |
| 24:53 | Create | Villager (Male) |
| 24:56 | Create | Villager (Male) |
| 25:01 | Create | Villager (Male) |
| 26:11 | Research | Husbandry |
| 26:17 | Create | Villager (Male) |
| 26:17 | Create | Villager (Male) |
| 26:18 | Create | Villager (Male) |
| 26:18 | Create | Villager (Male) |
| 26:19 | Create | Villager (Male) |
| 26:19 | Create | Villager (Male) |
Build order — RichardGere69
First 150 of 639 actions detected
| 0:00 | Create | Villager (Male) |
| 0:01 | Create | Villager (Male) |
| 0:02 | Build | House |
| 0:04 | Build | House |
| 0:09 | Create | Villager (Male) |
| 0:09 | Create | Villager (Male) |
| 1:32 | Create | Villager (Male) |
| 1:54 | Build | Lumber Camp |
| 2:12 | Create | Villager (Male) |
| 2:13 | Create | Villager (Male) |
| 2:27 | Create | Villager (Male) |
| 2:27 | Create | Villager (Male) |
| 2:59 | Create | Villager (Male) |
| 3:14 | Create | Villager (Male) |
| 4:17 | Create | Villager (Male) |
| 4:17 | Create | Villager (Male) |
| 4:18 | Create | Villager (Male) |
| 4:31 | Build | House |
| 4:33 | Build | House |
| 4:46 | Build | Mill |
| 5:17 | Create | Villager (Male) |
| 5:17 | Create | Villager (Male) |
| 5:46 | Create | Villager (Male) |
| 5:47 | Create | Villager (Male) |
| 5:48 | Create | Villager (Male) |
| 5:59 | Create | Villager (Male) |
| 6:00 | Create | Villager (Male) |
| 6:43 | Create | Villager (Male) |
| 6:44 | Create | Villager (Male) |
| 6:44 | Create | Villager (Male) |
| 6:51 | Build | Barracks |
| 7:09 | Create | Villager (Male) |
| 7:20 | Create | Villager (Male) |
| 7:35 | Build | Mining Camp |
| 7:55 | Create | Villager (Male) |
| 8:01 | Create | Militia |
| 8:13 | Create | Militia |
| 8:30 | Create | Villager (Male) |
| 8:36 | Create | Villager (Male) |
| 8:44 | Create | Villager (Male) |
| 8:45 | Create | Militia |
| 8:50 | Build | House |
| 8:51 | Build | House |
| 9:23 | Create | Villager (Male) |
| 9:24 | Create | Militia |
| 9:57 | Research | Feudal Age |
| 10:09 | Build | Palisade Wall |
| 10:21 | Build | Palisade Wall |
| 10:30 | Build | Palisade Wall |
| 10:38 | Build | Lumber Camp |
| 10:55 | Build | Palisade Wall |
| 10:57 | Create | Villager (Male) |
| 11:07 | Build | Palisade Wall |
| 11:11 | Build | Palisade Wall |
| 11:16 | Create | Villager (Male) |
| 11:34 | Research | Loom |
| 12:17 | Age | Feudal Age |
| 12:23 | Research | Man-at-Arms (upgrade) |
| 12:24 | Create | Villager (Male) |
| 12:30 | Build | Archery Range |
| 12:42 | Build | Blacksmith |
| 12:47 | Research | Double-Bit Axe |
| 12:51 | Build | Farm |
| 12:55 | Build | Farm |
| 12:59 | Build | Farm |
| 13:26 | Create | Archer |
| 13:48 | Create | Villager (Male) |
| 13:48 | Create | Villager (Male) |
| 13:55 | Create | Archer |
| 14:05 | Create | Villager (Male) |
| 14:06 | Create | Archer |
| 14:33 | Create | Villager (Male) |
| 14:34 | Create | Archer |
| 14:41 | Build | House |
| 14:42 | Build | House |
| 14:43 | Build | House |
| 15:11 | Create | Archer |
| 15:12 | Create | Villager (Male) |
| 15:26 | Create | Archer |
| 15:31 | Create | Villager (Male) |
| 15:34 | Build | House |
| 15:35 | Build | House |
| 15:37 | Create | Archer |
| 15:39 | Research | Fletching |
| 15:39 | Research | Fletching |
| 15:44 | Build | Farm |
| 15:49 | Build | Farm |
| 15:56 | Build | Farm |
| 16:01 | Research | Horse Collar |
| 16:07 | Build | Farm |
| 16:18 | Build | Farm |
| 16:25 | Build | Farm |
| 16:30 | Build | Farm |
| 16:34 | Build | Farm |
| 16:37 | Build | Farm |
| 16:38 | Create | Archer |
| 16:53 | Build | Archery Range |
| 16:59 | Create | Villager (Male) |
| 17:03 | Create | Villager (Male) |
| 17:15 | Create | Villager (Male) |
| 17:23 | Create | Archer |
| 17:26 | Create | Villager (Male) |
| 17:34 | Create | Archer |
| 17:35 | Create | Archer |
| 17:53 | Build | Farm |
| 17:58 | Build | Farm |
| 18:05 | Build | Farm |
| 18:09 | Research | Wheelbarrow |
| 18:25 | Build | Lumber Camp |
| 18:38 | Create | Archer |
| 18:39 | Create | Archer |
| 18:59 | Build | Farm |
| 19:02 | Build | Farm |
| 19:07 | Create | Archer |
| 19:07 | Create | Archer |
| 19:33 | Build | House |
| 20:06 | Create | Archer |
| 20:11 | Create | Villager (Male) |
| 20:14 | Create | Villager (Male) |
| 20:29 | Build | Palisade Gate |
| 20:47 | Create | Archer |
| 20:47 | Create | Archer |
| 21:02 | Create | Skirmisher |
| 21:03 | Create | Skirmisher |
| 21:10 | Build | House |
| 21:11 | Build | House |
| 21:12 | Build | House |
| 21:26 | Research | Padded Archer Armor |
| 21:41 | Build | Mining Camp |
| 21:57 | Research | Castle Age |
| 21:59 | Create | Skirmisher |
| 21:59 | Create | Skirmisher |
| 22:06 | Create | Villager (Male) |
| 22:21 | Create | Skirmisher |
| 22:21 | Create | Skirmisher |
| 22:37 | Create | Skirmisher |
| 22:37 | Create | Skirmisher |
| 22:49 | Build | Stable |
| 23:18 | Create | Archer |
| 23:18 | Create | Archer |
| 23:36 | Create | Archer |
| 23:37 | Create | Archer |
| 23:55 | Create | Scout Cavalry |
| 24:12 | Research | Scale Barding Armor |
| 24:20 | Create | Skirmisher |
| 24:21 | Create | Skirmisher |
| 24:37 | Age | Castle Age |
| 24:40 | Research | Crossbowman (upgrade) |
| 25:42 | Create | Archer |
| 25:42 | Create | Archer |
Build order — PangIBygget
First 150 of 572 actions detected
| 0:02 | Build | House |
| 0:04 | Build | House |
| 0:04 | Create | Villager (Male) |
| 0:05 | Create | Villager (Male) |
| 0:05 | Create | Villager (Male) |
| 0:05 | Create | Villager (Male) |
| 1:29 | Create | Villager (Male) |
| 1:52 | Build | Lumber Camp |
| 2:06 | Create | Villager (Male) |
| 2:33 | Create | Villager (Male) |
| 2:45 | Build | House |
| 2:51 | Create | Villager (Male) |
| 3:08 | Create | Villager (Male) |
| 3:47 | Create | Villager (Male) |
| 4:05 | Create | Villager (Male) |
| 4:26 | Build | House |
| 4:56 | Research | Loom |
| 4:59 | Build | Mill |
| 5:07 | Create | Villager (Male) |
| 5:07 | Create | Villager (Male) |
| 5:08 | Create | Villager (Male) |
| 5:53 | Build | House |
| 5:57 | Build | Palisade Wall |
| 6:21 | Create | Villager (Male) |
| 6:23 | Create | Villager (Male) |
| 6:32 | Build | Lumber Camp |
| 6:43 | Create | Villager (Male) |
| 7:08 | Create | Villager (Male) |
| 7:31 | Build | Mining Camp |
| 8:09 | Build | Barracks |
| 8:14 | Create | Villager (Male) |
| 8:45 | Build | House |
| 8:49 | Create | Villager (Male) |
| 9:11 | Create | Villager (Male) |
| 9:21 | Build | House |
| 9:31 | Build | Palisade Wall |
| 9:41 | Create | Villager (Male) |
| 10:09 | Research | Feudal Age |
| 10:09 | Create | Villager (Male) |
| 10:56 | Build | Farm |
| 11:05 | Build | Farm |
| 11:29 | Create | Villager (Male) |
| 11:29 | Create | Villager (Male) |
| 12:19 | Age | Feudal Age |
| 12:32 | Build | Archery Range |
| 12:39 | Build | Stable |
| 13:02 | Create | Villager (Male) |
| 13:07 | Research | Double-Bit Axe |
| 13:13 | Create | Villager (Male) |
| 13:24 | Build | House |
| 13:29 | Build | House |
| 13:32 | Build | House |
| 13:36 | Build | House |
| 13:39 | Build | House |
| 13:43 | Create | Archer |
| 13:43 | Create | Archer |
| 13:44 | Create | Archer |
| 13:48 | Build | House |
| 13:53 | Build | Palisade Wall |
| 13:58 | Build | House |
| 14:00 | Build | House |
| 14:03 | Build | House |
| 14:06 | Build | House |
| 14:08 | Build | House |
| 14:13 | Build | House |
| 14:19 | Build | House |
| 15:43 | Build | Farm |
| 15:51 | Build | Mining Camp |
| 16:10 | Create | Scout Cavalry |
| 16:10 | Create | Scout Cavalry |
| 16:28 | Create | Villager (Male) |
| 16:29 | Create | Villager (Male) |
| 16:36 | Build | Farm |
| 16:37 | Build | Farm |
| 16:39 | Build | Farm |
| 16:54 | Build | Farm |
| 16:55 | Build | Farm |
| 16:57 | Build | Farm |
| 17:02 | Build | Lumber Camp |
| 17:07 | Create | Villager (Male) |
| 17:07 | Create | Villager (Male) |
| 17:31 | Build | Blacksmith |
| 17:33 | Build | House |
| 17:51 | Create | Skirmisher |
| 17:51 | Create | Skirmisher |
| 17:52 | Create | Skirmisher |
| 18:05 | Create | Villager (Male) |
| 18:12 | Create | Scout Cavalry |
| 18:38 | Build | Archery Range |
| 19:01 | Create | Villager (Male) |
| 19:07 | Build | Farm |
| 20:11 | Build | Farm |
| 20:28 | Build | Market |
| 21:00 | Research | Castle Age |
| 21:01 | Research | Castle Age |
| 21:27 | Build | Palisade Gate |
| 21:53 | Create | Archer |
| 21:53 | Create | Archer |
| 21:53 | Create | Archer |
| 21:54 | Create | Archer |
| 21:54 | Create | Archer |
| 21:54 | Create | Archer |
| 21:54 | Create | Archer |
| 21:54 | Create | Archer |
| 21:55 | Create | Archer |
| 21:55 | Create | Archer |
| 21:55 | Create | Archer |
| 22:12 | Research | Horse Collar |
| 22:20 | Build | Farm |
| 22:21 | Build | Farm |
| 22:44 | Research | Fletching |
| 22:57 | Create | Archer |
| 23:08 | Create | Villager (Male) |
| 23:08 | Create | Villager (Male) |
| 23:09 | Create | Villager (Male) |
| 23:40 | Age | Castle Age |
| 23:45 | Build | Stone Wall |
| 24:29 | Build | House |
| 24:32 | Build | House |
| 24:34 | Build | House |
| 24:40 | Build | Stone Wall |
| 24:51 | Build | Castle |
| 26:33 | Research | Thumb Ring |
| 26:35 | Research | Crossbowman (upgrade) |
| 28:05 | Build | Stable |
| 28:06 | Build | Stable |
| 28:15 | Build | Town Center |
| 28:21 | Create | Villager (Male) |
| 28:22 | Create | Villager (Male) |
| 28:25 | Create | Villager (Male) |
| 28:26 | Create | Villager (Male) |
| 28:59 | Create | Knight |
| 28:59 | Create | Knight |
| 29:15 | Create | Villager (Male) |
| 29:19 | Build | Farm |
| 29:42 | Build | Farm |
| 29:46 | Create | Villager (Male) |
| 29:49 | Create | Villager (Male) |
| 29:49 | Create | Villager (Male) |
| 29:49 | Create | Villager (Male) |
| 29:49 | Create | Villager (Male) |
| 29:50 | Create | Villager (Male) |
| 30:18 | Build | Farm |
| 30:18 | Build | Farm |
| 30:25 | Create | Knight |
| 30:25 | Create | Knight |
| 30:27 | Create | Knight |
| 30:27 | Create | Knight |
| 30:28 | Create | Knight |
| 30:35 | Research | Bodkin Arrow |
Build order — professor
First 150 of 810 actions detected
| 0:05 | Research | Loom |
| 0:05 | Create | Villager (Male) |
| 0:06 | Create | Villager (Male) |
| 0:06 | Create | Villager (Male) |
| 0:12 | Build | House |
| 1:02 | Create | Villager (Male) |
| 1:36 | Create | Villager (Male) |
| 1:36 | Create | Villager (Male) |
| 2:00 | Build | House |
| 2:11 | Create | Villager (Male) |
| 2:12 | Create | Villager (Male) |
| 2:43 | Build | House |
| 2:51 | Create | Villager (Male) |
| 3:16 | Build | House |
| 3:31 | Create | Villager (Male) |
| 3:31 | Create | Villager (Male) |
| 3:32 | Create | Villager (Male) |
| 3:45 | Build | Lumber Camp |
| 4:05 | Create | Villager (Male) |
| 4:05 | Create | Villager (Male) |
| 4:06 | Create | Villager (Male) |
| 4:36 | Create | Villager (Male) |
| 4:36 | Create | Villager (Male) |
| 5:18 | Create | Villager (Male) |
| 5:18 | Create | Villager (Male) |
| 5:18 | Create | Villager (Male) |
| 5:45 | Create | Villager (Male) |
| 5:58 | Create | Villager (Male) |
| 5:58 | Create | Villager (Male) |
| 5:59 | Create | Villager (Male) |
| 6:44 | Create | Villager (Male) |
| 6:44 | Create | Villager (Male) |
| 7:50 | Create | Villager (Male) |
| 7:51 | Create | Villager (Male) |
| 8:03 | Build | Mill |
| 8:34 | Create | Villager (Male) |
| 8:35 | Research | Feudal Age |
| 8:50 | Build | Barracks |
| 9:46 | Build | House |
| 9:55 | Create | Villager (Male) |
| 10:22 | Build | House |
| 10:52 | Build | House |
| 11:15 | Age | Feudal Age |
| 11:28 | Research | Double-Bit Axe |
| 11:35 | Build | Archery Range |
| 11:51 | Build | Market |
| 12:08 | Research | Horse Collar |
| 12:10 | Research | Wheelbarrow |
| 12:12 | Create | Villager (Male) |
| 12:12 | Create | Villager (Male) |
| 12:32 | Build | House |
| 12:48 | Build | Farm |
| 12:52 | Build | Farm |
| 12:56 | Create | Archer |
| 12:57 | Create | Archer |
| 13:11 | Build | Farm |
| 13:49 | Build | House |
| 14:00 | Create | Skirmisher |
| 14:12 | Create | Archer |
| 14:12 | Create | Archer |
| 14:12 | Create | Archer |
| 14:22 | Build | Farm |
| 14:40 | Create | Archer |
| 14:40 | Create | Archer |
| 14:51 | Build | Farm |
| 14:53 | Create | Villager (Male) |
| 14:54 | Create | Villager (Male) |
| 14:54 | Create | Villager (Male) |
| 15:04 | Build | Farm |
| 15:06 | Create | Villager (Male) |
| 15:06 | Create | Villager (Male) |
| 15:15 | Build | Farm |
| 15:29 | Build | Farm |
| 15:45 | Create | Archer |
| 15:46 | Create | Archer |
| 15:52 | Create | Villager (Male) |
| 16:04 | Build | Mining Camp |
| 16:12 | Create | Archer |
| 16:19 | Build | Farm |
| 16:24 | Create | Villager (Male) |
| 16:25 | Create | Villager (Male) |
| 16:25 | Create | Villager (Male) |
| 17:36 | Build | Stable |
| 17:38 | Build | House |
| 17:42 | Build | Farm |
| 17:46 | Build | Farm |
| 17:55 | Build | Stone Wall |
| 17:59 | Build | Gate |
| 18:06 | Research | Gold Mining |
| 18:09 | Build | Farm |
| 18:12 | Build | Farm |
| 18:23 | Build | Stone Wall |
| 18:26 | Build | Gate |
| 18:35 | Create | Villager (Male) |
| 18:37 | Create | Villager (Male) |
| 18:37 | Create | Villager (Male) |
| 18:48 | Create | Spearman |
| 18:48 | Create | Spearman |
| 18:48 | Create | Spearman |
| 19:00 | Build | House |
| 19:02 | Build | House |
| 19:03 | Build | House |
| 19:12 | Build | Farm |
| 19:15 | Build | Farm |
| 19:18 | Create | Villager (Male) |
| 19:42 | Build | Farm |
| 20:26 | Research | Arson |
| 20:39 | Create | Scout Cavalry |
| 20:39 | Create | Scout Cavalry |
| 20:44 | Research | Castle Age |
| 20:44 | Research | Castle Age |
| 20:45 | Research | Castle Age |
| 20:47 | Create | Spearman |
| 20:47 | Create | Spearman |
| 21:04 | Build | House |
| 21:05 | Build | House |
| 21:06 | Build | House |
| 21:37 | Research | Man-at-Arms (upgrade) |
| 21:56 | Research | Stone Mining |
| 22:27 | Build | Gate |
| 22:44 | Build | Blacksmith |
| 22:45 | Build | House |
| 23:24 | Age | Castle Age |
| 23:28 | Research | Crossbowman (upgrade) |
| 23:38 | Build | Town Center |
| 23:44 | Research | Bow Saw |
| 23:46 | Create | Villager (Male) |
| 23:46 | Create | Villager (Male) |
| 23:46 | Create | Villager (Male) |
| 24:03 | Research | Hand Cart |
| 24:06 | Create | Villager (Male) |
| 24:18 | Create | Villager (Male) |
| 25:06 | Create | Villager (Male) |
| 25:06 | Create | Villager (Male) |
| 25:06 | Create | Villager (Male) |
| 25:09 | Build | Farm |
| 25:11 | Build | Farm |
| 25:13 | Create | Archer |
| 25:36 | Build | Farm |
| 25:38 | Create | Villager (Male) |
| 25:56 | Create | Archer |
| 25:56 | Create | Archer |
| 26:17 | Build | Farm |
| 26:19 | Create | Villager (Male) |
| 26:19 | Create | Villager (Male) |
| 26:22 | Create | Villager (Male) |
| 26:22 | Create | Villager (Male) |
| 26:32 | Research | Pikeman (upgrade) |
| 26:47 | Create | Villager (Male) |
| 26:48 | Create | Villager (Male) |
Match timeline
| 5:57 | PangIBygget · wall_segment Palisade Wall x5 |
| 6:51 | RichardGere69 · first_building Barracks |
| 7:07 | stahl_mannen · first_building Barracks |
| 8:09 | PangIBygget · first_building Barracks |
| 8:31 | exopeN · first_building Barracks |
| 8:33 | Makonian · first_building Barracks |
| 8:50 | professor · first_building Barracks |
| 9:31 | PangIBygget · wall_segment Palisade Wall x9 |
| 10:09 | RichardGere69 · wall_segment Palisade Wall x6 |
| 10:21 | RichardGere69 · wall_segment Palisade Wall x4 |
| 10:25 | exopeN · age_up feudal |
| 10:30 | RichardGere69 · wall_segment Palisade Wall x3 |
| 10:43 | stahl_mannen · age_up feudal |
| 10:55 | RichardGere69 · wall_segment Palisade Wall x9 |
| 11:07 | RichardGere69 · wall_segment Palisade Wall x11 |
| 11:11 | RichardGere69 · wall_segment Palisade Wall x3 |
| 11:15 | professor · age_up feudal |
| 11:30 | Makonian · age_up feudal |
| 11:35 | professor · first_building Archery Range |
| 12:17 | RichardGere69 · age_up feudal |
| 12:19 | PangIBygget · age_up feudal |
| 12:30 | RichardGere69 · first_building Archery Range |
| 12:32 | Makonian · first_building Stable |
| 12:32 | PangIBygget · first_building Archery Range |
| 12:39 | PangIBygget · first_building Stable |
| 13:53 | PangIBygget · wall_segment Palisade Wall x1 |
| 14:09 | professor · first_market_sell 100 stone |
| 15:31 | stahl_mannen · first_building Stable |
| 16:40 | Makonian · wall_segment Palisade Wall x23 |
| 17:36 | professor · first_building Stable |
| 17:55 | professor · wall_segment Stone Wall x4 |
| 18:23 | professor · wall_segment Stone Wall x6 |
| 18:45 | exopeN · first_market_buy 100 wood |
| 18:53 | exopeN · first_building Archery Range |
| 19:07 | stahl_mannen · age_up castle |
| 19:57 | professor · first_market_buy 100 food |
| 20:13 | Makonian · age_up castle |
| 20:19 | Makonian · first_building Castle |
| 22:49 | RichardGere69 · first_building Stable |
| 23:24 | professor · age_up castle |
| 23:39 | exopeN · age_up castle |
| 23:40 | PangIBygget · age_up castle |
| 23:45 | PangIBygget · wall_segment Stone Wall x1 |
| 24:37 | RichardGere69 · age_up castle |
| 24:40 | PangIBygget · wall_segment Stone Wall x1 |
| 24:51 | PangIBygget · first_building Castle |
| 27:27 | Makonian · first_building Siege Workshop |
| 28:02 | professor · first_building Monastery |
| 29:03 | stahl_mannen · first_building Castle |
| 29:20 | exopeN · first_building Castle |
| 29:59 | professor · first_building Siege Workshop |
| 32:38 | RichardGere69 · first_building Castle |
| 33:33 | exopeN · first_market_sell 100 wood |
| 33:54 | professor · first_building Castle |
| 34:12 | Makonian · age_up imperial |
| 34:40 | professor · age_up imperial |
| 35:57 | exopeN · wall_segment Stone Wall x16 |
| 36:03 | PangIBygget · wall_segment Stone Wall x26 |
| 36:11 | exopeN · wall_segment Stone Wall x20 |
| 36:18 | stahl_mannen · age_up imperial |
| 37:14 | PangIBygget · wall_segment Stone Wall x23 |
| 37:48 | PangIBygget · wall_segment Palisade Wall x11 |
| 38:34 | PangIBygget · wall_segment Stone Wall x17 |
| 38:56 | RichardGere69 · wall_segment Stone Wall x11 |
| 39:05 | PangIBygget · wall_segment Palisade Wall x9 |
| 39:14 | PangIBygget · wall_segment Palisade Wall x5 |
| 39:17 | PangIBygget · wall_segment Palisade Wall x7 |
| 39:39 | RichardGere69 · wall_segment Stone Wall x29 |
| 39:50 | RichardGere69 · wall_segment Stone Wall x7 |
| 39:58 | RichardGere69 · wall_segment Stone Wall x6 |
| 40:27 | exopeN · age_up imperial |
| 41:38 | RichardGere69 · first_building Monastery |
| 43:07 | stahl_mannen · first_building Archery Range |
| 43:19 | exopeN · first_building Stable |
| 46:12 | PangIBygget · first_building Monastery |
| 48:35 | PangIBygget · age_up imperial |
| 48:37 | exopeN · wall_segment Stone Wall x6 |
| 49:22 | PangIBygget · wall_segment Stone Wall x16 |
| 51:38 | PangIBygget · wall_segment Stone Wall x1 |
| 51:57 | RichardGere69 · age_up imperial |
| 52:10 | stahl_mannen · first_market_sell 100 stone |
| 57:18 | PangIBygget · first_market_sell 100 stone |
| 60:50 | professor · tribute_sent a jugador 1 |
| 60:50 | professor · tribute_sent a jugador 2 |
| 60:50 | professor · tribute_sent a jugador 3 |
| 60:50 | professor · tribute_sent a jugador 4 |
| 60:50 | professor · tribute_sent a jugador 5 |
| 61:07 | PangIBygget · wall_segment Stone Wall x1 |
| 61:09 | PangIBygget · wall_segment Stone Wall x8 |
| 64:26 | PangIBygget · tribute_sent a jugador 1 |
| 64:26 | PangIBygget · tribute_sent a jugador 2 |
| 64:26 | PangIBygget · tribute_sent a jugador 3 |
| 64:26 | PangIBygget · tribute_sent a jugador 4 |
| 64:26 | PangIBygget · tribute_sent a jugador 6 |
| 64:48 | PangIBygget · wall_segment Stone Wall x8 |
| 64:53 | PangIBygget · wall_segment Stone Wall x5 |
| 65:02 | PangIBygget · wall_segment Stone Wall x16 |
| 65:14 | PangIBygget · wall_segment Stone Wall x15 |
| 65:24 | PangIBygget · wall_segment Stone Wall x26 |
| 66:52 | Makonian · tribute_sent a jugador 1 |
| 66:52 | Makonian · tribute_sent a jugador 3 |
| 66:52 | Makonian · tribute_sent a jugador 4 |
| 66:52 | Makonian · tribute_sent a jugador 5 |
| 66:52 | Makonian · tribute_sent a jugador 6 |
| 67:26 | professor · tribute_sent a jugador 1 |
| 67:26 | professor · tribute_sent a jugador 2 |
| 67:26 | professor · tribute_sent a jugador 3 |
| 67:26 | professor · tribute_sent a jugador 4 |
| 67:26 | professor · tribute_sent a jugador 5 |
| 70:33 | PangIBygget · tribute_sent a jugador 1 |
| 70:33 | PangIBygget · tribute_sent a jugador 2 |
| 70:33 | PangIBygget · tribute_sent a jugador 3 |
| 70:33 | PangIBygget · tribute_sent a jugador 4 |
| 70:33 | PangIBygget · tribute_sent a jugador 6 |
| 71:22 | exopeN · resign |
[ AI ANALYSIS · 1 CREDIT ]
What really happened in this match?
Wolo.gg analyzes every decision: build order, eco, micro, common mistakes by bracket. Personalized analysis on WhatsApp or Discord in 30 seconds.
Civ guide
Bulgarians
Perfil
Jugador #24526833